 Dungeon Crawl Stone Soup version 0.28.0-45-g0d030f2227 (webtiles) character file.

Game seed: 16947675344985267914

85 Bruhh the Magician (level 4, -1/31 HPs)
             Began as a Djinni Conjurer on Apr 23, 2022.
             Shot with a stone by a goblin (3 damage)
             ... led by Robin
             ... on level 3 of the Dungeon.
             The game lasted 00:07:01 (2605 turns).

Bruhh the Magician (Djinni Conjurer)                Turns: 2605, Time: 00:07:02

Health: -1/31      AC:  2    Str:  6    XL:     4   Next: 75%
Gold:   27         EV: 12    Int: 22    God:
                   SH:  0    Dex: 11

rFire   + + .      SeeInvis .   k - +3 flail (protect)
rCold   x . .      Faith    .   (no shield)
rNeg    . . .      Spirit   .   a - +0 robe
rPois   ∞          Reflect  .   (no helmet)
rElec   .          Harm     .   (no cloak)
rCorr   .          Rampage  .   (no gloves)
Will    .....                   (boots unavailable)
Stlth   ++........              (no amulet)
HPRegen 0.10/turn               (no ring)
MPRegen 0.00/turn               (no ring)

@: flying
A: sickness immunity, fire resistance 2, cold vulnerability 1, float, innate
caster, HP casting, extra vitality 1
a: no special abilities


You were on level 3 of the Dungeon.
You visited 1 branch of the dungeon, and saw 3 of its levels.

You collected 27 gold pieces.

Inventory:

Hand Weapons
 k - a +3 flail of protection (weapon)
Armour
 a - a +0 robe (worn)
Scrolls
 c - a scroll of blinking {unknown}
 e - a scroll of fog {unknown}
 h - a scroll of enchant weapon {unknown}
 i - a scroll of amnesia {unknown}
 j - a scroll of teleportation {unknown}
Potions
 b - 2 potions of heal wounds {unknown}
 d - a potion of berserk rage {unknown}
 f - a potion of curing {unknown}
 g - a potion of flight {unknown}
 l - a potion of invisibility {unknown}
 m - a potion of haste {unknown}


   Skills:
 - Level 2.1 Dodging
 - Level 1.5 Stealth
 + Level 4.6 Spellcasting


You couldn't memorise any spells.
You knew the following spells:

 Your Spells              Type           Power      Damage    Failure   Level
a - Magic Dart            Conj           100%       1d8       1%          1
b - Searing Ray           Conj           50%        2d6       2%          2
c - Dazzling Flash        Conj/Hex       50%        N/A       4%          3
d - Fulminant Prism       Conj/Hex       12%        3d9       16%         4
e - Iskenderun's Mystic   Conj/Tloc      25%        2d7       16%         4
f - Slow                  Hex            100%       N/A       1%          1
Your spell library was empty.

Dungeon Overview and Level Annotations

Branches:
Dungeon (3/15)

Altars:

Annotations:
D:3 Robin


Innate Abilities, Weirdness & Mutations

You are immune to sickness and miasma.
You are immune to poison.
Your flesh is very heat resistant. (rF++)
You are vulnerable to cold. (rC-)
You float through the air rather than walking.
You learn spells naturally, not from books.
Your magical power is your life essence.
You have superior vitality. (+4 MHP)


Message History

The magic dart hits the goblin.
The goblin is severely wounded.
The goblin hits you with a +0 club.
A hobgoblin comes into view.
Casting: Magic Dart (safe; 1% risk of failure)
Confirm with . or Enter, or press ? or * to list all spells.
Aiming: Magic Dart (safe; 1% risk of failure)
Press: ? - help, Shift-Dir - straight line, f/p - goblin
Aim: a goblin, wielding a +0 club (severely wounded, strong, 100% to hit)
The magic dart hits the goblin.
You kill the goblin!
Robin says, "A pitiful Djinni like you will never find the ORB!"
Robin throws the goblin at you! Robin throws the goblin at you!
The goblin hits you with a +0 dagger.
You sock the goblin!
Your weapon exudes an aura of protection.
You kill the goblin!
The goblin barely misses you. The goblin barely misses you.
You see here a +0 dagger.
A goblin comes into view. It is wielding a +0 club.
Robin roars a battlecry!
The goblin goes into a battle-frenzy!
Robin flexes a bicep menacingly.
Robin throws the goblin at you! The goblin hits you with a +0 club.
* * * LOW HITPOINT WARNING * * *
The goblin no longer looks unusually strong.
The goblin misses you.
Robin roars a battlecry!
The goblin goes into a battle-frenzy!
The goblin hits you with a +0 club.
* * * LOW HITPOINT WARNING * * *
You hear a shout!
The hobgoblin no longer looks unusually strong.
Robin roars a battlecry!
The goblin no longer looks unusually strong.
The goblin no longer looks unusually strong.
The goblin unwields a +0 club.
The goblin wields a +0 hunting sling.
The goblin shoots a stone.
The stone hits you.
You die...

.. #.# #.#.#
#. #.# #g#.#
.. #.#
#####.#.# ..
..# #.......#
#.# #.###.###
#.# #.# #.#
###.# #.# #g#
#...###)###.#
#.#...)..[@g#
#<#####†#####
#.# #...# ...
...#...
.#.####. .#.#
..#.# ## ##.#
.. #.. # ...
### ###


You could see Robin and 2 goblins.

Vanquished Creatures
  Terence (D:2)
  3 worms (D:2)
  2 dart slugs
  An endoplasm (D:1)
  A giant cockroach (D:1)
  12 goblins
  6 hobgoblins
  2 quokkas
  2 ball pythons
  4 bats (D:1)
  4 frilled lizards
  A kobold (D:1)
  6 rats
45 creatures vanquished.

Notes
Turn   | Place    | Note
-------+----------+-------------------------------------------
     0 | D:1      | Bruhh the Djinni Conjurer began the quest for the Orb.
     0 | D:1      | Reached XP level 1. HP: 15/15 MP: 0/0
   361 | D:1      | Reached XP level 2. HP: 19/21 MP: 0/0
   828 | D:1      | Reached XP level 3. HP: 19/25 MP: 0/0
   828 | D:1      | Learned a level 1 spell: Slow
  1077 | D:2      | Found a faded altar of an unknown god.
  1145 | D:2      | Reached skill level 4 in Spellcasting
  1610 | D:2      | Noticed Terence
  1663 | D:2      | Killed Terence
  1664 | D:2      | Reached XP level 4. HP: 1/31 MP: 0/0
  2571 | D:3      | Noticed Robin
  2587 | D:3      | HP: 1/31 [goblin/+0 club[Robin] (6)]
  2605 | D:3      | Shot with a stone by a goblin

Illustrated notes

Levels and vault maps discovered:
D:1:      minmay_arrival_loop, layout_rooms
D:2:      layout_basic, nicolae_ecumenical_oubliette, uniq_terence
D:3:      layout_loops_ring, uniq_robin

Skill      XL: |  1  2  3 |
---------------+----------+-----
Spellcasting   | 4 |  4.6
Dodging        | |  2.1
Stealth        | |  1.5

Action                   |  1- 3 |  4- 6 || total
-------------------------+-------+-------++-------
Melee: Flail             |       |     3 ||     3
 Cast: Magic Dart        |    75 |    20 ||    95
       Searing Ray       |     6 |     1 ||     7
       Slow              |     1 |       ||     1
Armor: Robe              |     1 |     1 ||     2
Dodge: Dodged            |     8 |     5 ||    13
